 Dungeon Crawl Stone Soup version 0.31-a0-750-gfe7b580527 (webtiles) character file.

Game seed: 806923286045635129

35 Newt the Trooper (level 3, 0/30 HPs)
             Began as a Demonspawn Gladiator on Sept 14, 2023.
             Slain by a scorpion (7 damage)
             ... on level 2 of the Dungeon.
             The game lasted 00:01:24 (1428 turns).

Newt the Trooper (Demonspawn Gladiator)             Turns: 1428, Time: 00:01:25

Health: 0/30       AC:  3    Str: 16    XL:     3   Next: 17%
Magic:  3/3        EV: 12    Int:  9    God:
Gold:   11         SH:  0    Dex: 14    Spells: 2/2 levels left

rFire   . . .        a - +1 rapier
rCold   . . .        (no shield)
rNeg    . . .        b - +0 leather armour
rPois   .            (helmet restricted)
rElec   .            (no cloak)
rCorr   .            (no gloves)
SInv    .            (no boots)
Will    .....        (no amulet)
Stlth   +            (no ring)
HPRegen 0.25/turn    (no ring)
MPRegen 0.08/turn

%: no passive effects
@: lethally poisoned (0 -> -3)
A: horns 2
a: no special abilities


You were on level 2 of the Dungeon.
You visited 1 branch of the dungeon, and saw 2 of its levels.

You collected 31 gold pieces.
You spent 20 gold pieces at shops.

Inventory:

Hand Weapons
 a - a +1 rapier (weapon)
Missiles
 d - 2 throwing nets (quivered)
 e - a javelin
Armour
 b - a +0 leather armour (worn)
 c - a +0 helmet
Potions
 f - a potion of lignification {unknown}
 i - a potion of enlightenment
 k - a potion of degeneration {unknown}
 l - a potion of invisibility {unknown}


   Skills:
 + Level 3.7 Fighting
 - Level 2.6 Short Blades
 - Level 1.7 Throwing
 - Level 2.6 Dodging


You had 2 spell levels left.
You didn't know any spells.
Your spell library was empty.

Dungeon Overview and Level Annotations

Branches:
Dungeon (2/15)

Altars:

Shops:
D:2 ?


Innate Abilities, Weirdness & Mutations

You have a pair of horns on your head.


Message History

No target in view!
No target in view!
No target in view!
No target in view!
HP restored.
f - a fizzy green potion A scorpion comes into view.
Found 19 gold pieces.
The scorpion stings you!
You hit the scorpion.
The scorpion is moderately wounded.
The scorpion stings you.
You are poisoned.
The scorpion poisons you!
You hit the scorpion. You headbutt the scorpion.
The scorpion is severely wounded.
You feel very sick. The scorpion stings you.
You are too injured to fight recklessly!
You are too injured to fight recklessly!
Unknown command.
Throw: 3 throwing nets
Press: ? - help, Q - select action, (/) - cycle Shift-Dir - straight line, f - scorpion
Aim: a scorpion (severely wounded, 56% to hit)
You throw a throwing net. The throwing net hits the scorpion.
The scorpion is caught in the net!
The scorpion is severely wounded.
You feel sick.
The scorpion struggles against the net. x2
You hit the scorpion.
The scorpion is almost dead.
You feel sick.
The scorpion struggles against the net.
You catch the helpless scorpion completely off-guard!
You hit the scorpion.
The scorpion is almost dead.
You feel sick.
The scorpion struggles against the net.
The net rips apart, and the scorpion comes free!
You barely miss the scorpion.
The scorpion is almost dead.
You feel sick. The scorpion stings you!
You die...

..#....'..###
..#....##.).###
..#########...###
### ###...#######
###.......#
#.......#
#..[....#
#.####### #.@.#
#..s......
#.........
#.........
#.........
#.........
#......$..
######.###


You could see a scorpion.

Vanquished Creatures
  A dart slug (D:1)
  3 ball pythons (D:1)
  5 endoplasms
  A giant cockroach (D:2)
  4 goblins
  4 hobgoblins
  A quokka (D:1)
  2 bats (D:1)
  4 frilled lizards
  3 kobolds (D:1)
  2 rats
30 creatures vanquished.

Notes
Turn   | Place    | Note
-------+----------+-------------------------------------------
     0 | D:1      | Newt the Demonspawn Gladiator began the quest for the Orb.
     0 | D:1      | Reached XP level 1. HP: 16/16 MP: 1/1
   174 | D:1      | Gained mutation: You have a pair of small horns on your
                  | head. [demonic ancestry]
   174 | D:1      | Reached XP level 2. HP: 8/23 MP: 2/2
   491 | D:1      | Reached skill level 3 in Fighting
  1171 | D:2      | Gained mutation: You have a pair of horns on your head.
                  | [demonic ancestry]
  1171 | D:2      | Reached XP level 3. HP: 29/29 MP: 3/3
  1232 | D:2      | Found Hiahig's Magic Scroll Shoppe.
  1276 | D:2      | Bought a scroll of identify for 20 gold pieces
  1420 | D:2      | Noticed a scorpion
  1428 | D:2      | Slain by a scorpion

Illustrated notes

Levels and vault maps discovered:
D:1:      tekkud_arrival_beachfront_property, layout_basic,
          dreamdust_princess_bridge
D:2:      layout_basic, ebering_ecumenical_altar_rust, serial_shops,
          nicolae_shop_tiny_waterfront, chequers_serial_rivers_micro_e,
          item_on_display_a

Skill      XL: |  1  2 |
---------------+-------+-----
Fighting       | 3 |  3.7
Short Blades   | |  2.6
Throwing       | |  1.7
Dodging        | |  2.6

Action                     || total
---------------------------++-------
  Melee: Rapier            ||    80
         Headbutt          ||     9
         Punch             ||     1
  Throw: Throwing net      ||     1
    Use: Scroll            ||     5
   Stab: Sleeping          ||     2
         Held in net/web   ||     1
 Armour: Leather armour    ||    43
  Dodge: Dodged            ||    45

Table legend: (Time is in decaauts)
 A = Elapsed time spent in this place.
 B = Non-inter-level travel time spent in this place.
 C = Inter-level travel time spent in this place.
 D = Time resting spent in this place.
 E = Time spent auto-exploring this place.
 F = Levels seen in this place.
 G = Mean time per level.
                   A        B        C        D        E       F      G
               +--------+--------+--------+--------+--------+-----+--------+
         Total |   1433 |   1405 |     28 |    304 |    892 |   2 |  716.5 |
       Dungeon |   1433 |   1405 |     28 |    304 |    892 |   2 |  716.5 |
               +--------+--------+--------+--------+--------+-----+--------+

Top non-repeatable levels by time:
     D:1: 975 daAuts
     D:2: 457 daAuts
